 Dungeon Sprint DCSS version 0.21.2 (webtiles) character file.

2467 Fang the Cleaver (level 9, -2/64 HPs)
             Began as a Gargoyle Berserker on Sept 27, 2018.
             Was a High Priest of Trog.
             Slain by a ten-headed hydra (5 damage)
             ... in the Dungeon (Sprint IX: "|||||||||||||||||||||||||||||").
             The game lasted 00:01:28 (941 turns).

Fang the Cleaver (Gargoyle Berserker)                Turns: 941, Time: 00:01:28

Health: -2/64      AC: 15    Str: 24    XL:     9   Next: 51%
Magic:  9/9        EV: 17    Int:  8    God:    Trog [*****.]
Gold:   12         SH:  0    Dex:  9    Spells: 8/8 levels left

rFire    . . .     SeeInvis .   m - +1 broad axe (freeze)
rCold    . . .     Gourm    .   (no shield)
rNeg     + . .     Faith    .   p - +1 scale mail
rPois    ∞         Spirit   .   (no helmet)
rElec    +         Reflect  .   (no cloak)
rCorr    .         Harm     .   (no gloves)
MR       .....     NoTele   +   (no boots)
Stlth    ..........             (no amulet)
HPRegen  0.20/turn              n - +2 ring of evasion
MPRegen  0.11/turn              o - +2 ring of evasion

@: berserk cooldown, slowed, very slow
A: negative energy resistance 1, electricity resistance, unbreathing,
petrification resistance, rot immunity, AC +6
a: Berserk, Trog's Hand, Brothers in Arms, Burn Spellbooks, Renounce Religion


You were in the Dungeon.
You worshipped Trog.
Trog was extremely pleased with you.
You were very hungry.

You visited 1 branch You collected 12 gold pieces.

Inventory:

Hand Weapons
 a - a +0 hand axe
 m - a +1 broad axe of freezing (weapon)
Armour
 p - a +1 scale mail (worn)
Jewellery
 n - a +2 ring of evasion (left hand)
 o - a +2 ring of evasion (right hand)
Wands
 l - a wand of acid (10)
Scrolls
 i - 3 scrolls of blinking
 k - 3 scrolls of remove curse
 r - 2 scrolls of fog
 s - 2 scrolls of enchant weapon
 t - a scroll of fear
Potions
 b - 2 potions of brilliance
 d - 5 potions of curing
 e - 5 potions of heal wounds
 f - a potion of haste
 g - 4 potions of magic
 h - 2 potions of berserk rage
 j - a potion of invisibility
 q - a potion of might
Comestibles
 c - a ration


   Skills:
 + Level 11.3 Fighting
 + Level 13.7 Axes
 + Level 7.6 Armour
 + Level 7.7 Dodging
 + Level 2.4 Stealth


You had 8 spell levels left.
You didn't know any spells.

Dungeon Overview and Level Annotations

Branches:
Dungeon (1/1)

Altars:
Cheibriados
Dithmenos
Elyvilon
Fedhas
Gozag
Hepliaklqana
Kikubaaqudgha
Makhleb
Nemelex Xobeh
Okawaru
Qazlal
Ru
Sif Muna
Trog
Uskayaw
Vehumet
Wu Jian
Xom
Yredelemnul
Zin
The Shining One
Beogh
Jiyva
Lugonu


Innate Abilities, Weirdness & Mutations

You are resistant to torment.
Your stone body is resilient. (AC +6)
You are immune to poison.
You resist negative energy. (rN+)
You are resistant to electric shocks. (rElec)
You can survive without breathing.
You are immune to petrification.
You are immune to rotting.


Message History

Items here: ) ††† a runed executioner's axe {god gift}; a porcupine corpse; a spiny frog corpse a crocodile corpse Your iron troll goes berserk!
You feel quite a bit more hungry.
The ten-headed hydra bites you but does no damage. x2
The ten-headed hydra barely misses you.
The ten-headed hydra closely misses you.
The ten-headed hydra completely misses you.
The ten-headed hydra bites you. The ten-headed hydra bites you!
* * * LOW HITPOINT WARNING * * *
The ten-headed hydra completely misses you.
The ten-headed hydra bites you.
* * * LOW HITPOINT WARNING * * *
The ten-headed hydra misses you.
The ten-headed hydra bites you but does no damage.
The ten-headed hydra bites you!
* * * LOW HITPOINT WARNING * * *
The ten-headed hydra bites you.
You die...

▓▓▓▓▓▓▓▓▓▓▓▓▓▓▓▓▓▓▓▓▓▓▓▓▓▓▓▓▓▓▓▓▓
______________________'...).÷....
▓▓▓▓▓▓▓▓▓▓▓▓▓▓▓▓▓▓▓▓▓▓▓▓▓▓▓▓▓▓▓▓▓
.................................
▓▓▓▓▓▓▓▓▓▓▓▓▓▓▓▓▓▓▓▓▓▓▓▓▓▓▓▓▓▓▓▓▓
+......rD@†T....))......'.
▓▓▓▓▓▓▓▓▓▓▓▓▓▓▓▓▓▓▓▓▓▓▓▓▓▓


You could see a ten-headed hydra, a porcupine and a friendly iron troll
(berserk).

Vanquished Creatures
  2 manticores (D)
  2 spiny frogs (D)
  A hippogriff (D)
  A yak (D)
  2 porcupines (D)
  An ogre (D)
  An orc warrior (D)
  2 crocodiles (D)
  A centaur (D)
  2 bullfrogs (D)
  A scorpion (D)
  A crimson imp (D)
  An orc wizard (D)
  A worker ant (D)
  An adder (D)
  2 orcs (D)
  A giant cockroach (D)
  A hobgoblin (D)
  2 bats (D)
  2 jackal zombies (D)
  A rat (D)
29 creatures vanquished.

Notes
Turn   | Place    | Note
-------+----------+-------------------------------------------
     0 | D        | Fang the Gargoyle Berserker began the quest for the Orb.
     0 | D        | Reached XP level 1. HP: 14/14 MP: 1/1
    13 | D        | Reached skill level 3 in Axes
    17 | D        | Reached ** piety under Trog
   126 | D        | Noticed an orc wizard
   126 | D        | Noticed a worker ant
   126 | D        | Noticed a scorpion
   129 | D        | Reached XP level 2. HP: 20/20 MP: 2/2
   133 | D        | Killed a scorpion
   133 | D        | Reached *** piety under Trog
   133 | D        | Reached skill level 5 in Fighting
   133 | D        | Reached skill level 5 in Axes
   133 | D        | Reached XP level 3. HP: 26/26 MP: 3/3
   139 | D        | Reached XP level 4. HP: 31/31 MP: 4/4
   150 | D        | Reached **** piety under Trog
   150 | D        | Reached skill level 6 in Axes
   385 | D        | Found a roughly hewn altar of Beogh.
   385 | D        | Found a snail-covered altar of Cheibriados.
   385 | D        | Found a shadowy altar of Dithmenos.
   385 | D        | Found a white marble altar of Elyvilon.
   385 | D        | Found a blossoming altar of Fedhas.
   385 | D        | Found an opulent altar of Gozag.
   386 | D        | Found a hazy altar of Hepliaklqana.
   387 | D        | Found a viscous altar of Jiyva.
   388 | D        | Found an ancient bone altar of Kikubaaqudgha.
   389 | D        | Found a corrupted altar of Lugonu.
   390 | D        | Found a burning altar of Makhleb.
   391 | D        | Found a sparkling altar of Nemelex Xobeh.
   392 | D        | Found an iron altar of Okawaru.
   393 | D        | Found a stormy altar of Qazlal.
   394 | D        | Found a sacrificial altar of Ru.
   395 | D        | Found a deep blue altar of Sif Muna.
   396 | D        | Found a bloodstained altar of Trog.
   397 | D        | Found a hide-covered altar of Uskayaw.
   398 | D        | Found a radiant altar of Vehumet.
   399 | D        | Found an ornate altar of the Wu Jian Council.
   400 | D        | Found a shimmering altar of Xom.
   401 | D        | Found a basalt altar of Yredelemnul.
   402 | D        | Found a glowing silver altar of Zin.
   403 | D        | Found a glowing golden altar of the Shining One.
   447 | D        | Noticed a hippogriff
   447 | D        | Noticed an ogre
   447 | D        | Noticed a bullfrog
   447 | D        | Noticed an orc warrior
   449 | D        | Reached XP level 5. HP: 37/37 MP: 5/5
   452 | D        | Killed an orc warrior
   452 | D        | Reached skill level 7 in Axes
   457 | D        | Reached skill level 8 in Axes
   457 | D        | Reached XP level 6. HP: 44/44 MP: 6/6
   461 | D        | Reached skill level 9 in Axes
   461 | D        | Reached skill level 5 in Dodging
   465 | D        | Killed a hippogriff
   465 | D        | Reached skill level 10 in Axes
   465 | D        | Reached skill level 1 in Stealth
   465 | D        | Reached XP level 7. HP: 24/51 MP: 7/7
   468 | D        | Reached ***** piety under Trog
   618 | D        | Noticed a manticore
   618 | D        | Noticed a manticore
   618 | D        | Noticed a yak
   621 | D        | Killed a yak
   621 | D        | Reached skill level 5 in Armour
   627 | D        | Killed a manticore
   627 | D        | Reached skill level 10 in Fighting
   627 | D        | Reached skill level 11 in Axes
   627 | D        | Reached XP level 8. HP: 47/57 MP: 8/8
   629 | D        | Killed a manticore
   629 | D        | Reached skill level 12 in Axes
   910 | D        | Noticed a spiny frog
   910 | D        | Noticed a spiny frog
   915 | D        | Killed a spiny frog
   915 | D        | Reached XP level 9. HP: 63/63 MP: 9/9
   918 | D        | Reached skill level 13 in Axes
   924 | D        | Killed a spiny frog
   924 | D        | Reached ****** piety under Trog
   926 | D        | Noticed a four-headed hydra
   928 | D        | Received a gift from Trog
   941 | D        | HP: 3/64 [ten-headed hydra (8)]
   941 | D        | Slain by a ten-headed hydra

Skill      XL: |  1  2  3  4  5  6  7  8  9 |
---------------+----------------------------+-----
Axes           | 3 5 6 8 10 11 12 13 | 13.7
Fighting       | 4 5 6 7 9 10 11 | 11.3
Dodging        | 2 3 4 5 6 7 |  7.7
Armour         | 3 4 5 6 7 |  7.6
Stealth        | 1 2 |  2.4

Action                   |  1- 3 |  4- 6 |  7- 9 || total
-------------------------+-------+-------+-------++-------
Melee: Hand axe          |    41 |    11 |       ||    52
       Broad axe         |       |    15 |    38 ||    53
Invok: Berserk           |     1 |     1 |     2 ||     4
       Brothers in Arms  |       |       |     2 ||     2
  Eat: Chunk             |       |       |     3 ||     3
Armor: Animal skin       |    13 |     6 |       ||    19
       Scale mail        |       |     7 |    21 ||    28
Dodge: Dodged            |    32 |    24 |    36 ||    92
